 Dungeon Crawl Stone Soup version 0.31-a0-925-g0a390f2509 (webtiles) character file.

Game seed: 7170470887859840051

31302 Dirtsage the Cleaver (level 13, -14/84 HPs)
             Began as a Gargoyle Fighter on Oct 18, 2023.
             Was a High Priest of the Shining One.
             Demolished by a boulder beetle (29 damage)
             ... on level 2 of the Lair of Beasts.
             The game lasted 00:29:18 (11351 turns).

Dirtsage the Cleaver (Gargoyle Fighter)            Turns: 11351, Time: 00:29:18

Health: -14/84     AC: 24    Str: 24    XL:     13   Next: 57%
Magic:  22/22      EV: 10    Int: 10    God:    the Shining One [*****.]
Gold:   699        SH:  7    Dex:  9    Spells: 12/12 levels left

rFire   . . .        S - +2 war axe (heavy)
rCold   . . .        c - +1 buckler
rNeg    + + +        F - +1 acid dragon scales
rPois   ∞            f - +0 hat
rElec   +            R - scarf {repulsion}
rCorr   +            Z - +2 pair of gloves
SInv    .            x - +0 pair of boots
Will    +....        y - amulet of Hepliaklqana, Shifting {rElec rPois Regen+}
Stlth   +            C - ring of willpower
HPRegen 1.14/turn    M - ring of flight
MPRegen 0.18/turn

%: repel missiles
@: flying, glowing, studying 2 skills
A: sickness immunity, AC +9, negative energy resistance 1, electricity
resistance, torment resistance 1, petrification resistance
a: Renounce Religion, Divine Shield, Cleansing Flame, Summon Divine Warrior


You were on level 2 of the Lair of Beasts.
You worshipped the Shining One.
The Shining One was extremely pleased with you.
You visited 3 branches of the dungeon, and saw 14 of its levels.
You also visited: Gauntlet.

You collected 1176 gold pieces.
You spent 429 gold pieces at shops.
You donated 48 gold pieces to Zin.

Inventory:

Hand Weapons
 a - a +0 war axe
 q - the +9 mace of Moesafut {freeze, rN+ Will+}
   (You found it on level 10 of the Dungeon)

   rN+:       It protects you from negative energy.
   Will+:     It increases your willpower.
 S - a +2 heavy war axe (weapon)
Missiles
 E - a curare-tipped dart
 U - 5 throwing nets
Armour
 c - a +1 buckler (worn)
 f - a +0 hat (worn)
 x - a +0 pair of boots (worn)
 F - +1 acid dragon scales (worn)
 R - a scarf of repulsion (worn)
 X - a +1 chain mail of cold resistance
 Z - a +2 pair of gloves (worn)
Jewellery
 e - a ring of willpower
 r - a ring of willpower
 y - the amulet of Hepliaklqana, Shifting (around neck) {rElec rPois Regen+}
   (You found it in a Gauntlet)

   [amulet of regeneration]

   rElec:     It insulates you from electricity.
   rPois:     It protects you from poison Regen+: It increases your rate of
   health regeneration.
 C - a ring of willpower (left hand)
 M - a ring of flight (right hand)
 O - the ring of Fosasul {Ice Int+3 Dex+2}
   (You found it on level 7 of the Dungeon)

   [ring of ice]

   Ice:       It enhances your ice magic.
   Int+3:     It affects your intelligence (+3).
   Dex+2:     It affects your dexterity (+2).
   rF-:       It makes you vulnerable to fire.
   rC+:       It protects you from cold.
 V - a ring of fire
 W - a ring of wizardry
Wands
 D - a wand of digging (6)
 G - a wand of iceblast (29)
 J - a wand of paralysis (5)
 K - a wand of mindburst (24)
Scrolls
 g - 3 scrolls of fear
 j - 2 scrolls of noise
 n - 3 scrolls of revelation
 p - 3 scrolls of fog
 t - 6 scrolls of teleportation
 v - 2 scrolls of enchant armour
 B - a scroll of blinking
 H - a scroll of silence
 I - a scroll of vulnerability {unknown}
 P - a scroll of poison
 Q - a scroll of brand weapon
 Y - 2 scrolls of amnesia
Potions
 b - 2 potions of invisibility {unknown}
 d - 2 potions of might
 h - 5 potions of haste
 k - a potion of berserk rage {unknown}
 l - 2 potions of heal wounds
 m - 2 potions of brilliance {unknown}
 o - a potion of resistance {unknown}
 s - 2 potions of mutation
 u - 3 potions of curing {unknown}
 w - 4 potions of lignification {unknown}
 z - 5 potions of attraction
 A - a potion of cancellation {unknown}
 L - a potion of degeneration {unknown}
 N - a potion of magic {unknown}
 T - 3 potions of enlightenment
Miscellaneous
 i - a phantom mirror


   Skills:
 + Level 11.5 Fighting
 * Level 13.8 Axes
 + Level 11.2 Armour
 - Level 9.2 Shields
 + Level 12.2 Invocations


You had 12 spell levels left.
You didn't know any spells.
Your spell library contained the following spells:

 Spells                   Type           Power      Damage    Failure   Level
 Magic Dart               Conj           0%         1d3       45%         1
 Shock                    Conj/Air       0%         1d3       45%         1
 Ensorcelled Hibernation  Hex/Ice        0%         N/A       61%         2
 Jinxbite                 Hex            0%         N/A       61%         2
 Searing Ray              Conj           0%         2d4       61%         2
 Static Discharge         Conj/Air       0%         2-2/arc   61%         2
 Frozen Ramparts          Ice            0%         1d1       83%         3
 Inner Flame              Hex/Fire       0%         N/A       83%         3
 Swiftness                Air            0%         N/A       83%         3
 Airstrike                Air            0%         2d(0-16)  99%         4
 Anguish                  Hex/Necr       0%         N/A       99%         4
 Animate Armour           Summ/Erth      0%         N/A       99%         4
 Brom's Barrelling Bould  Conj/Erth      0%         2d3       99%         4
 Flame Wave               Conj/Fire      0%         2d4       99%         4
 Fulminant Prism          Conj/Hex       0%         3d5       99%         4
 Petrify                  Tmut/Erth      0%         N/A       99%         4
 Sticky Flame             Conj/Fire      0%         2d3       99%         4
 Iskenderun's Battlesphe  Conj           0%         2d6       100%        5
 Metabolic Englaciation   Hex/Ice        0%         N/A       100%        5
 Bombard                  Conj/Erth      0%         9d1       100%        6
 Spellforged Servitor     Conj/Summ      0%         N/A       100%        7


Dungeon Overview and Level Annotations

Branches:
Dungeon (11/15)            Temple (1/1) D:4            Lair (2/5) D:9
Gauntlet (visited)
  Swamp: Lair:2-3    Shoals: Lair:2-3     Snake: Lair:2-3    Spider: Lair:2-3
    Orc: D:9-12

Altars:
Ashenzari
Cheibriados
Dithmenos
Elyvilon
Fedhas
Gozag
Hepliaklqana
Kikubaaqudgha
Makhleb
Nemelex Xobeh
Okawaru
Qazlal
Ru
Sif Muna
Trog
Uskayaw
Vehumet
Wu Jian
Xom
Yredelemnul
Zin
The Shining One

Shops:
D:6 *   D:7 :   D:8 *   D:9 (

Portals:
Trove: D:10 (show slimy rune of Zot)

Annotations:
D:5 1 runed translucent door, mopl's ghost, novice OpSh
D:10 trove slime rune


Innate Abilities, Weirdness & Mutations

You are immune to sickness and miasma.
Your stone body is resilient. (AC +9)
You are immune to poison.
You resist negative energy. (rN+)
You are resistant to electric shocks. (rElec)
You are resistant to unholy torment.
You are immune to petrification.


Message History

The merfolk siren is severely wounded.
You hit the boulder beetle but do no damage.
The merfolk siren chants its luring song.
The boulder beetle bites you!
You take 11 damage, and have 36/84 hp.
You closely miss the merfolk siren.
The merfolk siren is severely wounded.
You slash the boulder beetle!
The merfolk siren chants its luring song.
The boulder beetle bites you.
You slice the merfolk siren!!
You are no longer entranced.
You kill the merfolk siren!
You slash the boulder beetle!
The boulder beetle bites you but does no damage.
You hit the boulder beetle but do no damage.
The boulder beetle is heavily wounded.
The boulder beetle bites you!
The boulder beetle bites you but does no damage.
You take 8 damage, and have 29/84 hp.
You slash the boulder beetle!
The boulder beetle is heavily wounded.
The boulder beetle barely misses you.
A black mamba comes into view.
The black mamba hisses angrily.
You hit the boulder beetle but do no damage.
The boulder beetle is heavily wounded.
The boulder beetle bites you.
* * * LOW HITPOINT WARNING * * *
You take 5 damage, and have 25/84 hp.
You hit the boulder beetle but do no damage.
The boulder beetle is heavily wounded.
The boulder beetle bites you!
* * * LOW HITPOINT WARNING * * *
You take 12 damage, and have 13/84 hp.
The boulder beetle curls into a ball and begins rolling!
The black mamba closely misses you.
There is an escape hatch in the ceiling here.
The black mamba barely misses you. The boulder beetle hits you!!
You die...

#.......#.....###...P...#
.............#.##....####
#..........#.####...###.#
###.#...#.#### ##..#..###
##...+##....######........
.#...##..⌠.............(..
.#..##.....#....†.○..$....
..#......###.....B)##.....
.......##......S@### .....
...⌠...#.......### ....
.......#......# ####
.⌠..†⌠..#####+
............ ...⌠†..#....
...†.........
..##....##...
.##.#....#....


You could see a boulder beetle (rolling) and a black mamba.

Vanquished Creatures
  Gastronok (Lair:1)
  Harold (D:9)
  2 hydras (Lair:2)
  A death drake (Gauntlet)
  A spectral boulder beetle (D:10)
  3 cyclopes
  A merfolk siren (Lair:2)
  A spectral centaur (D:10)
  4 black mambas
  A gargoyle (D:11)
  Maggie (D:6)
  2 centaur zombies (D:10)
  4 cane toads (Lair:1)
  2 rime drakes
  A spectral redback (Gauntlet)
  5 centaur skeletons (D:10)
  An unseen horror (D:11)
  7 komodo dragons
  3 trolls (D:11)
  2 hornets
  A raiju (Gauntlet)
  A centaur simulacrum (D:10)
  A spectral black mamba (D:10)
  15 flying skulls
  Sigmund (D:5)
  2 wyverns (Lair:1)
  A vampire (D:10)
  4 shadows
  27 yaks
  5 wraiths (D:10)
  4 steam dragons
  2 vampire mosquitoes (D:10)
  A basilisk (Lair:1)
  6 wargs (D:10)
  2 acid dragons
  4 water moccasins
  3 orc warriors
  A hornet zombie (Gauntlet)
  2 ice beasts
  A sky beast (D:6)
  A boulder beetle simulacrum (D:10)
  An ogre (D:7)
  4 black mamba simulacra (D:10)
  9 wolves (Lair:1)
  2 phantoms (D:5)
  5 centaurs
  2 kobold brigands
  9 bullfrogs
  A scorpion (D:6)
  7 wights
  17 killer bees
  3 howler monkeys
  3 electric eels (D:6)
  A jelly (D:5)
  2 orc priests
  A gnoll bouda (D:8)
  6 hounds
  2 iguanas
  6 orc wizards
  3 hell rats (D:10)
  8 gnolls
  A howler monkey skeleton (D:10)
  11 adders
  A white imp (D:6)
  A worm (D:2)
  A dart slug (D:2)
  25 orcs
  4 ball pythons
  13 endoplasms
  3 giant cockroaches
  4 hobgoblins
  11 jackals
  2 quokkas
  5 bats
  2 frilled lizards
  6 goblins
  16 kobolds
  7 rats
334 creatures vanquished.

Vanquished Creatures (collateral kills)
  A minotaur (Gauntlet)
1 creature vanquished.

Grand Total: 335 creatures vanquished

Notes
Turn   | Place    | Note
-------+----------+-------------------------------------------
     0 | D:1      | Dirtsage the Gargoyle Fighter began the quest for the Orb.
     0 | D:1      | Reached XP level 1. HP: 14/14 MP: 1/1
    80 | D:1      | Reached skill level 2 in Axes
   126 | D:1      | Reached XP level 2. HP: 13/19 MP: 2/2
   406 | D:1      | Reached skill level 3 in Axes
   713 | D:1      | Reached XP level 3. HP: 23/23 MP: 3/3
  1039 | D:2      | Reached XP level 4. HP: 19/28 MP: 4/4
  1164 | D:2      | Reached skill level 4 in Axes
  2157 | D:3      | Reached XP level 5. HP: 20/32 MP: 5/5
  2199 | D:3      | Found a snail-covered altar of Cheibriados.
  2199 | D:3      | Found an ornate altar of the Wu Jian Council.
  2343 | D:4      | Noticed an ice beast
  2364 | D:4      | Killed an ice beast
  2365 | D:4      | Reached skill level 5 in Axes
  2365 | D:4      | Reached XP level 6. HP: 38/38 MP: 6/6
  2669 | D:4      | Found a staircase to the Ecumenical Temple.
  2689 | Temple   | Entered the Ecumenical Temple
  2708 | Temple   | Became a worshipper of Zin the Law-Giver
  2708 | Temple   | Reached * piety under Zin
  2854 | D:4      | Found an opulent altar of Gozag.
  3501 | D:5      | Entered Level 5 of the Dungeon
  3501 | D:5      | Noticed a water moccasin
  3602 | D:5      | Reached skill level 1 in Invocations
  3635 | D:5      | Noticed Sigmund
  3645 | D:5      | Killed Sigmund
  3646 | D:5      | Reached skill level 6 in Axes
  3646 | D:5      | Reached XP level 7. HP: 44/44 MP: 6/8
  3690 | D:5      | Found a runed translucent door.
  3692 | D:5      | Noticed mopl's ghost (novice OpSh)
  3766 | D:5      | Reached skill level 5 in Fighting
  3854 | D:5      | Reached XP level 8. HP: 27/49 MP: 10/10
  3896 | D:5      | Found a sacrificial altar of Ru.
  3908 | D:5      | Reached skill level 7 in Axes
  4035 | D:5      | Reached ** piety under Zin
  4658 | D:6      | Reached skill level 8 in Axes
  4702 | D:6      | Reached XP level 9. HP: 54/56 MP: 12/12
  4713 | D:6      | Noticed Maggie
  4736 | D:6      | Killed Maggie
  4737 | D:6      | Reached skill level 5 in Invocations
  4879 | D:6      | Found Keiminoj's Assorted Antiques.
  4887 | D:6      | Bought a bloodstained scale mail for 261 gold pieces
  4887 | D:6      | Identified the +4 scale mail of Gravitas {+Inv MP+9 Dex+2
                  | Stlth-} (You bought it in a shop on level 6 of the Dungeon)
  4974 | D:6      | Reached *** piety under Zin
  5106 | D:6      | Found a blossoming altar of Fedhas.
  5570 | D:7      | Found a large runed translucent door.
  5571 | D:7      | Found a large runed translucent door.
  5647 | D:7      | Identified the ring of Fosasul {Ice Int+3 Dex+2}
  5707 | D:7      | Found Viasticw's Book Shop.
  5889 | D:7      | Found a stormy altar of Qazlal.
  5906 | D:7      | Found the +6 shillelagh "Devastator" {shatter}
  5907 | D:7      | Found a glowing golden altar of the Shining One.
  5918 | D:7      | Reached skill level 9 in Axes
  5919 | D:7      | Fell from the grace of Zin
  5919 | D:7      | Became a worshipper of the Shining One
  5919 | D:7      | Reached * piety under the Shining One
  5982 | D:8      | Reached ** piety under the Shining One
  6332 | D:8      | Found Ryefa's Neck Hole.
  6347 | D:8      | Bought a scarf of repulsion for 168 gold pieces
  6728 | D:9      | Found a staircase to the Lair.
  6750 | D:9      | Reached XP level 10. HP: 63/64 MP: 14/14
  6834 | D:9      | Noticed Harold
  6857 | D:9      | Killed Harold
  6858 | D:9      | Reached skill level 10 in Axes
  6984 | D:9      | Reached skill level 5 in Armour
  6984 | D:9      | Reached skill level 5 in Shields
  7156 | D:9      | Found Wainugidgh's Antique Weapon Emporium.
  7372 | D:10     | Entered Level 10 of the Dungeon
  7396 | D:10     | Noticed a spectral centaur warrior
  7442 | D:10     | Killed a spectral centaur warrior
  7443 | D:10     | Reached skill level 11 in Axes
  7443 | D:10     | Reached XP level 11. HP: 69/69 MP: 15/15
  7494 | D:10     | Reached *** piety under the Shining One
  7706 | D:10     | Noticed a cyclops
  7734 | D:10     | Killed a cyclops
  7858 | D:10     | HP: 1/71 [orc warrior/+0 glaive (12)]
  7921 | D:10     | Found a portal to a secret trove of treasure.
  8038 | D:10     | Reached **** piety under the Shining One
  8107 | D:10     | Reached skill level 12 in Axes
  8182 | D:10     | Identified 2 scrolls of acquirement
  8184 | D:10     | Acquired a manual of Invocations
  8185 | D:10     | Acquired a manual of Armour
  8353 | D:10     | Reached skill level 10 in Fighting
  8418 | D:10     | Reached XP level 12. HP: 77/77 MP: 16/16
  8450 | D:10     | Identified the +11 rapier of the Six Scars {heavy, Drain
                  | +Blink Int+6 Dex+3}
  8463 | D:10     | Found an ancient bone altar of Kikubaaqudgha.
  8512 | D:10     | Identified the +9 mace of Moesafut {freeze, rN+ Will+}
  8528 | D:10     | Reached ***** piety under the Shining One
  8616 | Gauntlet | Identified the "Joqi"
  8639 | D:11     | Found a gate leading to a gauntlet.
  8648 | Gauntlet | Entered a Gauntlet
  8648 | Gauntlet | Found a transporter.
  8648 | Gauntlet | Found a transporter.
  8651 | Gauntlet | Found a transporter.
  8654 | Gauntlet | Found a transporter.
  8655 | Gauntlet | Found a transporter.
  8655 | Gauntlet | Found a transporter.
  8698 | Gauntlet | Found a transporter.
  8704 | Gauntlet | Found a transporter.
  8710 | Gauntlet | Noticed a cacodemon
  8711 | Gauntlet | Found a transporter.
  8728 | Gauntlet | Found a transporter.
  8742 | Gauntlet | Found a transporter.
  8746 | Gauntlet | Found a transporter.
  8860 | Gauntlet | Identified the amulet of Hepliaklqana, Shifting {rElec
                  | rPois Regen+}
  8919 | Gauntlet | Identified the +2 cloak of the Endless Expanse {Str+3}
  8994 | Gauntlet | Noticed a minotaur
  9000 | Gauntlet | Killed a minotaur
  9001 | Gauntlet | Reached skill level 10 in Invocations
  9869 | D:14     | Identified the "Ycol"
  9869 | Lair:1   | Entered Level 1 of the Lair of Beasts
  9955 | Lair:1   | Reached skill level 13 in Axes
 10057 | Lair:1   | Noticed Gastronok
 10079 | Lair:1   | Killed Gastronok
 10080 | Lair:1   | Reached skill level 10 in Armour
 10080 | Lair:1   | Reached XP level 13. HP: 49/84 MP: 19/21
 10851 | Lair:2   | Found a broken altar of Ashenzari.
 11351 | Lair:2   | Demolished by a boulder beetle

Illustrated notes

Levels and vault maps discovered:
D:1:      matt_arrival_spirals, layout_rooms, dreamdust_princess_bridge,
          roderic_lattice_a
D:2:      layout_loops_ring, minmay_tetromino_l4
D:3:      layout_loops_ring, gammafunk_temple_overflow_pools
D:4:      layout_basic, grunt_gozag_breadcrumbs,
          minmay_temple_entry_gardened_gates, minmay_misc_feat_iff
D:5:      layout_cave_pools, nicolae_ru_awakened_eye,
          ebering_ghost_reflecting_pool, grunt_decor_clamped, minivault_19,
          nrook_loot_triangle, hangedman_abyss_or_decor_stagger,
          minmay_misc_feat_more_columns, grunt_ministairs_10, uniq_sigmund
D:6:      layout_cave_pools, kennysheep_mini_moat, minmay_shop_grid_forest,
          serial_bayou_lake_a, uniq_maggie
D:7:      layout_gridville, jmf_multi_god_temple2, serial_shops, kennysheep_mini
D:8:      layout_basic, nicolae_shop_sticking_my_neck_out
D:9:      layout_roguey, lair_entry_dummy, serial_shops, shop,
          kennysheep_generic_room_5, uniq_harold
D:10:     lemuel_vampire_tower, layout_basic, enter_trove_0, eino_jars
D:11:     layout_loops_ring, gauntlet_entry_generic
Temple:   nicolae_temple_superstar
Lair:1:   layout_long_grid, uniq_gastronok
Lair:2:   layout_chaotic_city, minmay_shoals_entry_lonely_mermaid,
          guppyfry_snake_entry_island, basic_altar, grunt_megastairs_4,
          serial_bayou_shore_a

Skill      XL: |  1  2  3  4  5  6  7  8  9 10 11 12 13 |
---------------+----------------------------------------+-----
Axes           | 2 3 4 5 6 8 9 11 12 13 | 13.8
Fighting       | 4 5 6 7 8 10 11 | 11.5
Invocations    | 2 3 4 6 11 12 | 12.2
Armour         | 4 5 7 10 11 | 11.2
Shields        | 4 5 7 8 9 |  9.2

Action                     |  1- 3 |  4- 6 |  7- 9 | 10-12 | 13-15 || total
---------------------------+-------+-------+-------+-------+-------++-------
  Melee: War axe           |    81 |   188 |   308 |   763 |   200 ||  1540
         Mace              |       |       |       |       |    14 ||    14
  Throw: Dart              |       |       |     1 |     1 |       ||     2
 Invoke: Recite            |       |       |     5 |       |       ||     5
         Divine Shield     |       |       |     1 |     6 |     1 ||     8
         Summon Divine War |       |       |       |     1 |       ||     1
    Use: Scroll            |       |     7 |     2 |    11 |       ||    20
         Potion            |       |     1 |     1 |     1 |       ||     3
   Stab: Confused          |       |       |     1 |       |       ||     1
 Armour: Scale mail        |    59 |       |    69 |       |       ||   128
         Plate armour      |    10 |   177 |   169 |       |       ||   356
         Acid dragon scale |       |       |    49 |   581 |   171 ||   801
  Dodge: Dodged            |    37 |    47 |   116 |   334 |    87 ||   621
         Repelled          |       |       |       |     6 |       ||     6
  Block: Buckler           |    16 |    35 |    83 |   308 |    73 ||   515

Table legend: (Time is in decaauts)
 A = Elapsed time spent in this place.
 B = Non-inter-level travel time spent in this place.
 C = Inter-level travel time spent in this place.
 D = Time resting spent in this place.
 E = Time spent auto-exploring this place.
 F = Levels seen in this place.
 G = Mean time per level.
                   A        B        C        D        E       F      G
               +--------+--------+--------+--------+--------+-----+--------+
         Total |  11458 |  10986 |    472 |    117 |   7909 |  15 |  763.9 |
       Dungeon |   9478 |   9071 |    407 |     55 |   6836 |  11 |  861.6 |
        Temple |     38 |      2 |     36 |      0 |      0 |   1 |   38.0 |
          Lair |   1448 |   1419 |     29 |     41 |    967 |   2 |  724.0 |
      Gauntlet |    492 |    492 |      0 |     21 |    106 |   1 |  492.0 |
               +--------+--------+--------+--------+--------+-----+--------+

Top non-repeatable levels by time:
    D:10: 1296 daAuts
     D:4: 1237 daAuts
     D:5: 1031 daAuts
  Lair:1: 954 daAuts
     D:1: 828 daAuts
     D:3: 769 daAuts
     D:7: 744 daAuts
     D:2: 739 daAuts
     D:9: 734 daAuts
     D:6: 721 daAuts
     D:8: 705 daAuts
    D:11: 670 daAuts
  Lair:2: 493 daAuts
Gauntlet: 492 daAuts
  Temple: 38 daAuts
